 Dungeon Sprint DCSS version 0.31.0-12-g77e489cdc1 (webtiles) character file.

Game seed: 5245724478175553014

5258 Groucho the Geomancer (level 10, -2/60 HPs)
             Began as a Deep Elf Earth Elementalist on Mar 4, 2024.
             Was a High Priest of Sif Muna.
             Killed from afar by a deep elf zephyrmancer (26 damage)
             ... with a bolt of lightning
             ... in the Dungeon (Sprint VII: "The Pits").
             The game lasted 00:13:53 (6689 turns).

Groucho the Geomancer (Deep Elf Earth Elementalist) Turns: 6689, Time: 00:13:54

Health: -2/60      AC: 12    Str:  8    XL:     10   Next: 36%
Magic:  25/25      EV: 14    Int: 25    God:    Sif Muna [*****.]
Gold:   0          SH:  0    Dex: 18    Spells: 4/27 levels left

rFire   . . .        h - +2 dagger
rCold   . . .        (no shield)
rNeg    . . .        r - +5 ring mail
rPois   .            q - +0 helmet
rElec   .            (no cloak)
rCorr   .            (no gloves)
SInv    .            (no boots)
Will    +....        (no amulet)
Stlth   ++++         g - +3 ring of dexterity
HPRegen 0.30/turn    n - +3 ring of strength
MPRegen 0.19/turn

%: no teleportation
@: hasted, very quick
A: no striking features
a: Renounce Religion, Channel Magic, Forget Spell, Divine Exegesis


You were in the Dungeon.
You worshipped Sif Muna.
Sif Muna was extremely pleased with you.
You visited 1 branch

Inventory:

Hand Weapons
 h - a +2 dagger (weapon)
 p - a +2 rapier of electrocution
Armour
 q - a +0 helmet (worn)
 r - a +5 ring mail (worn)
Jewellery
 g - a +3 ring of dexterity (left hand)
 n - a +3 ring of strength (right hand)
Scrolls
 j - 2 scrolls of vulnerability
 k - 5 scrolls of amnesia
 l - a scroll of summoning
Potions
 b - 5 potions of magic
 c - 6 potions of curing
 f - 8 potions of berserk rage
 i - 2 potions of invisibility
 o - 2 potions of might


   Skills:
 + Level 6.0 Fighting
 + Level 7.1 Short Blades
 + Level 4.5 Armour
 + Level 8.9 Dodging
 + Level 9.5 Stealth
 + Level 9.4 Spellcasting
 * Level 10.8 Conjurations
 + Level 4.3 Summonings
 + Level 8.0 Necromancy
 * Level 11.3 Earth Magic
 + Level 7.3 Alchemy
 + Level 7.4 Invocations


You had 4 spell levels left.
You knew the following spells:

 Your Spells              Type           Power      Damage    Failure   Level
a - Sandblast             Erth           100%       2d20      1%          1
b - Stone Arrow           Conj/Erth      100%       3d13      1%          3
c - Petrify               Alch/Erth      55%        N/A       3%          4
d - Bombard               Conj/Erth      30%        9d5       24%         6
e - Irradiate             Conj/Alch      27%        3d20      10%         5
f - Dispel Undead         Necr           51%        3d19      5%          4

Your spell library contained the following spells:

 Spells                   Type           Power      Damage    Failure   Level
 Magic Dart               Conj           100%       1d8       1%          1
 Sting                    Conj/Alch      100%       1d9       1%          1
 Passwall                 Erth           62%        N/A       1%          3
 Brom's Barrelling Bould  Conj/Erth      61%        2d8       1%          4
 Momentum Strike          Conj/Tloc      78%        3d10      2%          2
 Fulminant Prism          Conj/Alch      27%        3d14      3%          4
 Animate Armour           Summ/Erth      100%       N/A       6%          4
 Slow                     Hex            44%        N/A       14%         1
 Inner Flame              Hex/Fire       11%        N/A       41%         3
 Ozocubu's Armour         Ice            11%        N/A       41%         3
 Tukima's Dance           Hex            11%        N/A       41%         3
 Iskenderun's Battlesphe  Conj           60%        2d11      4%          5
 Summon Forest            Summ/Tloc      11%        N/A       86%         5
 Spellforged Servitor     Conj/Summ      24%        N/A       99%         7
 Haunt                    Necr/Summ      21%        N/A       100%        7


Dungeon Overview and Level Annotations

Branches:
Dungeon (1/1)

Altars:
Ashenzari
Cheibriados
Dithmenos
Elyvilon
Fedhas
Gozag
Hepliaklqana
Kikubaaqudgha
Makhleb
Nemelex Xobeh
Okawaru
Qazlal
Ru
Sif Muna
Trog
Uskayaw
Vehumet
Wu Jian
Xom
Yredelemnul
Zin
The Shining One
Jiyva
Lugonu


Message History

There is an open door here.
There is an open door, spattered with blood here.
There is an open door, spattered with blood here.
What are your orders? t - Shout!
Orders for allies: a - Attack new target. r - Retreat! s - Stop attacking. g - Guard the area. f - Follow me.
Anything else - Cancel.
You shout for attention!
What are your orders? t - Shout!
Orders for allies: a - Attack new target. r - Retreat! s - Stop attacking. g - Guard the area. f - Follow me.
Anything else - Cancel.
You shout for attention!
You start waiting.
Done waiting.
You start waiting.
Done waiting.
There is an open door here.
What are your orders? t - Shout!
Orders for allies: a - Attack new target. r - Retreat! s - Stop attacking. g - Guard the area. f - Follow me.
Anything else - Cancel.
You shout for attention!
You hear a shout!
The deep elf zephyrmancer shouts!
The deep elf zephyrmancer points at you and mumbles some strange words.
The bolt of lightning hits you!!!
Ouch! That really hurt!
You hear a shout! x6
Unknown command.
Okay, then.
Okay, then.
You feel yourself speed up.
The deep elf zephyrmancer casts a spell at you.
The bolt of lightning hits you!!
You die...

###'#####''#####
.......##''##########
.......##......#...'
......)##....###...##
...<...##...##.'...'
.......##..##..##'## .
.......##.)#..##...## '..
.......##..#..#.....#..#..
#########..'..'.@...'..e..
#########..#..#.....#..#..
..#..[.##..#..##...## '..
..#...[##..##..##'## .
..'..[)##...##.'...'
..#..))##....###...##
..#..))##......#...+
####################


You could see a deep elf zephyrmancer.

Vanquished Creatures
  An orc high priest (D)
  2 bog bodies (D)
  An orc sorcerer (D)
  A smoke demon (D)
  A merfolk siren (D)
  2 orange demons (D)
  2 glass eyes (D)
  A snapping turtle (D)
  A fire bat (D)
  A ynoxinul (D)
  A warg (D)
  Edmund (D)
  A steam dragon (D)
  A water moccasin (D)
  A swamp drake (D)
  A sky beast (D)
  An ice beast (D)
  An ogre (D)
  2 orc warriors (D)
  A centaur (D)
  A phantom (D)
  A weeping skull (D)
  A crimson imp (D)
  A jelly (D)
  A gnoll (D)
  An adder (D)
  A white imp (D)
  2 ufetubi (D)
  An adder zombie (D)
  An adder skeleton (D)
  2 orcs (D)
  A bat (D)
  2 giant cockroaches (D)
  6 jackals (D)
  A kobold (D)
  A quokka skeleton (D)
48 creatures vanquished.

Notes
Turn   | Place    | Note
-------+----------+-------------------------------------------
     0 | D        | Groucho the Deep Elf Earth Elementalist began the quest for
                  | the Orb.
     0 | D        | Reached XP level 1. HP: 10/10 MP: 6/6
     8 | D        | Noticed a glass eye
   173 | D        | Killed a glass eye
   174 | D        | Reached skill level 5 in Stealth
   174 | D        | Reached skill level 5 in Spellcasting
   174 | D        | Reached skill level 5 in Earth Magic
   174 | D        | Reached XP level 2. HP: 18/18 MP: 0/10
   174 | D        | Reached XP level 3. HP: 22/22 MP: 0/11
   174 | D        | Reached XP level 4. HP: 27/27 MP: 0/13
   174 | D        | Reached XP level 5. HP: 31/31 MP: 0/14
   614 | D        | Learned a level 3 spell: Stone Arrow
   619 | D        | Learned a level 4 spell: Petrify
   651 | D        | Found a bloodstained altar of Trog.
   651 | D        | Found a shimmering blue altar of Sif Muna.
   651 | D        | Found a viscous altar of Jiyva.
   651 | D        | Found a hazy altar of Hepliaklqana.
   651 | D        | Found an opulent altar of Gozag.
   652 | D        | Found a glowing golden altar of the Shining One.
   652 | D        | Found a glowing silver altar of Zin.
   652 | D        | Found a basalt altar of Yredelemnul.
   652 | D        | Found a shimmering altar of Xom.
   652 | D        | Found an ornate altar of the Wu Jian Council.
   652 | D        | Found a sacrificial altar of Ru.
   652 | D        | Found a stormy altar of Qazlal.
   652 | D        | Found an iron altar of Okawaru.
   652 | D        | Found a sparkling altar of Nemelex Xobeh.
   652 | D        | Found a burning altar of Makhleb.
   652 | D        | Found a blossoming altar of Fedhas.
   652 | D        | Found a white marble altar of Elyvilon.
   652 | D        | Found a shadowy altar of Dithmenos.
   652 | D        | Found a snail-covered altar of Cheibriados.
   654 | D        | Found a radiant altar of Vehumet.
   654 | D        | Found a corrupted altar of Lugonu.
   655 | D        | Found a hide-covered altar of Uskayaw.
   655 | D        | Found an ancient bone altar of Kikubaaqudgha.
   655 | D        | Found a broken altar of Ashenzari.
   657 | D        | Became a worshipper of Sif Muna the Loreminder
   668 | D        | Reached skill level 5 in Conjurations
   671 | D        | Reached skill level 6 in Earth Magic
   797 | D        | Noticed a glass eye
   803 | D        | Killed a glass eye
   803 | D        | Reached * piety under Sif Muna
   804 | D        | Reached skill level 5 in Dodging
   804 | D        | Reached skill level 7 in Earth Magic
   804 | D        | Reached XP level 6. HP: 37/37 MP: 6/17
  1154 | D        | Noticed a sky beast
  1160 | D        | Reached ** piety under Sif Muna
  1165 | D        | Killed a sky beast
  1168 | D        | Reached *** piety under Sif Muna
  1482 | D        | Noticed Edmund
  1496 | D        | Reached XP level 7. HP: 41/41 MP: 12/18
  1520 | D        | Killed Edmund
  1521 | D        | Reached skill level 1 in Armour
  1521 | D        | Reached skill level 5 in Necromancy
  1571 | D        | Reached **** piety under Sif Muna
  1866 | D        | Reached skill level 8 in Earth Magic
  2384 | D        | Noticed a smoke demon
  2387 | D        | Killed a smoke demon
  2388 | D        | Reached skill level 5 in Short Blades
  2388 | D        | Reached skill level 5 in Alchemy
  2388 | D        | Reached skill level 5 in Invocations
  2388 | D        | Reached XP level 8. HP: 40/48 MP: 10/20
  2962 | D        | Reached ***** piety under Sif Muna
  2965 | D        | Received a gift from Sif Muna
  3262 | D        | Learned a level 6 spell: Bombard
  3377 | D        | Reached skill level 9 in Earth Magic
  3795 | D        | Found the +7 mace of Variability {chaos, chaos arc}
  3897 | D        | Noticed a snapping turtle
  3934 | D        | Killed a snapping turtle
  4213 | D        | Noticed an orc sorcerer
  4235 | D        | Received a gift from Sif Muna
  4236 | D        | Got Sif Muna's Essays on Hindering Illusion {god gift}
  4529 | D        | Noticed an orc high priest
  4580 | D        | Killed an orc high priest
  4581 | D        | Reached skill level 5 in Fighting
  4581 | D        | Reached skill level 1 in Summonings
  4581 | D        | Reached skill level 10 in Earth Magic
  4581 | D        | Reached XP level 9. HP: 31/54 MP: 15/23
  4582 | D        | Noticed an orange demon
  4591 | D        | Killed an orc sorcerer
  5025 | D        | Noticed a bog body
  5040 | D        | Killed a bog body
  5041 | D        | Reached skill level 10 in Conjurations
  5329 | D        | Noticed a merfolk siren
  5332 | D        | Noticed an orange demon
  5337 | D        | Killed an orange demon
  5337 | D        | Received a gift from Sif Muna
  5338 | D        | Got Sif Muna's Almanac of Conjured Firn {god gift}
  5354 | D        | Reached XP level 10. HP: 60/60 MP: 11/24
  5483 | D        | Noticed an orange demon
  5486 | D        | Killed an orange demon
  5489 | D        | Reached skill level 11 in Earth Magic
  5614 | D        | Noticed a bog body
  5617 | D        | Killed a bog body
  5847 | D        | Received a gift from Sif Muna
  5848 | D        | Got Sif Muna's Excursus on Stolen Souls and Outbursts {god
                  | gift}
  5855 | D        | Learned a level 5 spell: Irradiate
  5860 | D        | Learned a level 4 spell: Dispel Undead
  5993 | D        | Killed a merfolk siren
  6457 | D        | Noticed a deep elf zephyrmancer
  6689 | D        | Killed from afar by a deep elf zephyrmancer

Illustrated notes

Levels and vault maps discovered:
D:        pitsprint [storerooms_1, entrance_room_1, metal_vault_6, armoury_3,
          mini_pit_1, grid_room_1, main_hall_1, silver_pit, the_coven_2,
          the_vestibule_1, steel_vault_4, golden_pit, hallway_of_sentries,
          crystal_vault_3, iron_vault_1, final_vault]

Skill      XL: |  1  2  3  4  5  6  7  8  9 10 |
---------------+-------------------------------+-----
Fighting       | 2 3 4 5 6 |  6.0
Short Blades   | 3 4 5 6 7 |  7.1
Dodging        | 4 5 6 7 8 |  8.9
Stealth        | 5 6 7 8 9 |  9.5
Spellcasting   | 5 6 7 8 9 |  9.4
Conjurations   | 4 6 8 9 10 | 10.8
Necromancy     | 3 4 5 6 7 8 |  8.0
Earth Magic    | 5 7 8 10 11 | 11.3
Alchemy        | 3 4 5 6 7 |  7.3
Invocations    | 3 4 5 6 7 |  7.4
Armour         | 2 3 4 |  4.5
Summonings     | 1 3 4 |  4.3

Action                     |  1- 3 |  4- 6 |  7- 9 | 10-12 || total
---------------------------+-------+-------+-------+-------++-------
  Melee: Unarmed           |   137 |       |       |       ||   137
         Punch             |     3 |       |       |       ||     3
         Dagger            |       |     1 |    17 |       ||    18
   Cast: Sandblast         |    21 |    18 |       |       ||    39
         Stone Arrow       |       |     4 |    47 |    17 ||    68
         Petrify           |       |     1 |    11 |     3 ||    15
 Invoke: Channel Magic     |       |       |     2 |       ||     2
    Use: Scroll            |       |       |     1 |       ||     1
         Potion            |       |       |     8 |     1 ||     9
   Stab: Sleeping          |       |     1 |       |       ||     1
         Petrified         |       |       |    11 |       ||    11
         Petrifying        |       |       |     2 |       ||     2
 Armour: Robe              |       |     9 |     8 |       ||    17
         Ring mail         |       |       |    14 |     3 ||    17
  Dodge: Dodged            |       |    14 |    17 |       ||    31
